 Dungeon Crawl Stone Soup version 0.30.1-3-gfc49f6343a (webtiles) character file.

Game seed: 10968272004614519705

35002 Funkenregen the Severer (level 13, -3/199 (207) HPs)
             Began as a Minotaur Berserker on July 25, 2023.
             Was an Elder of Trog.
             Slain by a bone dragon (4 damage)
             ... on level 3 of the Abyss on July 26, 2023.
             The game lasted 02:34:59 (24340 turns).

Funkenregen the Severer (Minotaur Berserker)       Turns: 24340, Time: 02:34:59

HP:   -3/199 (207)  AC: 24    Str: 26    XL:     13   Next: 45%
MP:   0/12          EV:  6    Int:  4    God:    Trog [****..]
Gold: 871           SH:  7    Dex: 17    Spells: 12/12 levels left

rFire   + . .        F - +1 war axe (protect)
rCold   x . .        z - +0 kite shield
rNeg    + . .        I - +2 plate armour {rN+}
rPois   .            (helmet restricted)
rElec   .            B - +0 cloak
rCorr   .            Q - +0 pair of gloves
SInv    .            p - +1 pair of boots
Will    .....        g - amulet of guardian spirit Stlth
                     i - ring of fire
HPRegen 0.53/turn    m - +6 ring of dexterity
MPRegen 0.13/turn

%: guardian spirit
@: berserking (expiring), afraid, under a protective aura, slowed, studying
Ranged Weapons, lightly drained
A: horns 2, retaliatory headbutt
a: Renounce Religion, Berserk, Trog's Hand, Brothers in Arms


You were on level 3 of the Abyss.
You worshipped Trog.
Trog was greatly pleased with you.
You visited 4 branches of the dungeon, and saw 16 of its levels.
You visited the Abyss 1 time.

You collected 921 gold pieces.
You spent 50 gold pieces at shops.

Inventory:

Hand Weapons
 c - a +4 dire flail of protection
 k - a +0 battleaxe
 F - a +1 war axe of protection (weapon)
Missiles
 j - 126 stones (quivered)
 l - 39 poisoned darts
Armour
 d - a scarf of shadows
 p - a +1 pair of boots (worn)
 w - a scarf of invisibility
 z - a +0 kite shield (worn)
 B - a +0 cloak (worn)
 I - a +2 plate armour of positive energy (worn)
 Q - a +0 pair of gloves (worn)
Jewellery
 g - an amulet of guardian spirit (around neck)
 i - a ring of fire (left hand)
 m - a +6 ring of dexterity (right hand)
 Z - an amulet of faith
Wands
 b - a wand of iceblast (8)
 K - a wand of digging (4)
 P - a wand of flame (5)
 R - a wand of acid (3)
Scrolls
 h - 4 scrolls of identify
 q - 11 scrolls of teleportation
 v - 4 scrolls of vulnerability
 C - 3 scrolls of enchant weapon
 D - 2 scrolls of blinking
 E - 3 scrolls of fear
 J - 3 scrolls of enchant armour
 T - a scroll of brand weapon
 U - a scroll of magic mapping
 W - a scroll of fog
 X - a scroll of torment
Potions
 a - 2 potions of magic {unknown}
 f - 14 potions of curing
 n - 3 potions of heal wounds
 t - 2 potions of resistance
 u - 2 potions of mutation
 x - 2 potions of haste
 A - 2 potions of attraction
 H - a potion of invisibility
 N - a potion of ambrosia
 O - a potion of berserk rage
 V - a potion of lignification
Miscellaneous
 G - a phantom mirror
 M - a lightning rod (4/4)
 Y - a box of beasts


   Skills:
 + Level 19.4 Fighting
 + Level 19.4 Axes
 - Level 2.4 Armour
 - Level 2.1 Dodging


You had 12 spell levels left.
You didn't know any spells.
Your spell library contained the following spells:

 Spells                   Type           Power      Damage    Failure   Level
 Magic Dart               Conj           0%         1d3       100%        1
 Call Imp                 Summ           0%         N/A       100%        2
 Mephitic Cloud           Conj/Pois/Air  0%         N/A       100%        3
 Anguish                  Hex/Necr       0%         N/A       100%        4
 Cause Fear               Hex            0%         N/A       100%        4
 Enfeeble                 Hex            0%         N/A       100%        7


Dungeon Overview and Level Annotations

Branches:
Dungeon (13/15)            Temple (1/1) D:5            Lair (1/5) D:11
    Orc (1/2) D:9
 Vaults: D:13-14

Altars:
Ashenzari
Cheibriados
Dithmenos
Elyvilon
Fedhas
Gozag
Hepliaklqana
Kikubaaqudgha
Makhleb
Nemelex Xobeh
Okawaru
Qazlal
Ru
Sif Muna
Trog
Uskayaw
Vehumet
Wu Jian
Xom
Yredelemnul
Zin
The Shining One

Shops:
D:3 (   D:9 *

Annotations:
D:5 3 runed translucent doors, opiumtea's ghost, amateur OpTm
D:7 2 transporters


Innate Abilities, Weirdness & Mutations

You have a pair of horns on your head.
You reflexively headbutt those who attack you in melee.


Message History

The eidolon hits you.
* * * LOW HITPOINT WARNING * * *
The eidolon drains your vigour!
You feel as though you will be slow longer.
The eidolon hits you but does no damage.
You slice the bone dragon!!
You headbutt the bone dragon, but do no damage.
The bone dragon is heavily damaged.
You hit the eidolon. You slash the tentacled starspawn!
The bone dragon bites you but does no damage.
The bone dragon claws you.
* * * LOW HITPOINT WARNING * * *
The bone dragon tramples you but does no damage.
You barely miss the bone dragon.
The bone dragon is heavily damaged.
You slice the tentacled starspawn!! You barely miss the eidolon.
The eidolon stares piercingly at you. The bolt of negative energy hits you!!
You partially resist.
You feel drained.
* * * LOW HITPOINT WARNING * * *
The bolt of negative energy hits the tentacled starspawn.
The tentacled starspawn completely resists.
You hit the bone dragon but do no damage.
You headbutt the bone dragon, but do no damage.
The bone dragon is heavily damaged.
You hit the eidolon. You slash the tentacled starspawn!
You block the bone dragon's attack. The bone dragon barely misses you.
The bone dragon tramples you but does no damage.
You block the eidolon's attack. The eidolon hits you!
* * * LOW HITPOINT WARNING * * *
You slash the bone dragon!
You headbutt the bone dragon, but do no damage.
The bone dragon is heavily damaged.
You slice the tentacled starspawn!!
You destroy the tentacled starspawn!
Trog accepts your kill.
The starspawn's tentacles wither and die.
You barely miss the eidolon.
The bone dragon bites you but does no damage.
The bone dragon claws you.
You die...

.. . # #.# .
#~ #~w.#..
#X.### ######
#..####.@W.#
#.....D###...#
..#..## .# #.
#### #..## ..#
#... .# #.


You could see a bone dragon and an eidolon (scary).

Vanquished Creatures
  A tentacled starspawn (Abyss:3)
  Fannar (Lair:1)
  A hydra (Lair:1)
  A boulder beetle (D:13)
  2 two-headed ogres
  3 centaur warriors
  2 thrashing horrors (Abyss:3)
  A fire crab (shapeshifter) (D:13)
  A shadow wraith (Abyss:3)
  A flayed ghost (Abyss:3)
  A glowing orange brain (Abyss:3)
  2 ugly things (D:12)
  2 starcursed masses (Abyss:2)
  2 deep elf pyromancers
  3 large abominations
  2 cyclopes
  Maurice (D:8)
  A black mamba (Lair:1)
  Joseph (D:9)
  A gargoyle (D:12)
  Maggie (D:9)
  3 unseen horrors
  2 cane toads (Lair:1)
  A komodo dragon (shapeshifter) (D:13)
  2 rime drakes (D:11)
  4 komodo dragons
  An ancient zyme (Abyss:2)
  7 trolls
  3 hornets
  9 blink frogs (Lair:1)
  3 small abominations
  14 slime creatures
  3 shadows
  22 yaks
  Sigmund (D:6)
  A human (D:9)
  A wyvern (D:8)
  A spriggan (shapeshifter) (D:13)
  4 vampire mosquitoes (D:10)
  A basilisk (D:9)
  A vampire (D:13)
  A neqoxec (Abyss:2)
  A warg (D:9)
  Edmund (D:4)
  2 acid dragons
  5 water moccasins
  Duvessa (D:7)
  5 orc warriors
  4 black bears
  An ice beast (D:7)
  4 ogres
  3 sky beasts
  5 centaurs
  2 kobold brigands
  Blork the orc (D:5)
  11 bullfrogs
  3 scorpions
  Dowan (D:7)
  8 wights
  15 killer bees
  9 howler monkeys
  2 hounds
  Crazy Yiuf (D:6)
  A jelly (D:5)
  11 orc priests
  A sleepcap (D:5)
  An iguana (D:5)
  8 orc wizards
  7 adders
  4 gnolls (D:3)
  2 shadow imps
  An ufetubus (D:7)
  A worm (D:2)
  5 dart slugs
  35 orcs
  4 ball pythons
  3 bats
  9 endoplasms
  2 giant cockroaches (D:3)
  4 goblins
  5 hobgoblins
  4 jackals (D:5)
  19 kobolds
  5 quokkas
  4 frilled lizards
  6 rats
343 creatures vanquished.

Vanquished Creatures (others)
  An orc wizard (D:8)
  5 starspawn tentacles (Abyss:3)
6 creatures vanquished.

Grand Total: 349 creatures vanquished

Notes
Turn   | Place    | Note
-------+----------+-------------------------------------------
     0 | D:1      | Funkenregen the Minotaur Berserker began the quest for the
                  | Orb.
     0 | D:1      | Reached XP level 1. HP: 19/19 MP: 0/0
   238 | D:1      | Reached XP level 2. HP: 18/27 MP: 1/1
  1363 | D:2      | Reached XP level 3. HP: 34/34 MP: 2/2
  2357 | D:3      | Reached skill level 5 in Fighting
  2357 | D:3      | Reached skill level 5 in Axes
  2357 | D:3      | Reached XP level 4. HP: 40/42 MP: 3/3
  2586 | D:3      | Reached ** piety under Trog
  2891 | D:3      | Identified the +7 long sword of the Volcano {venom, rElec
                  | rPois}
  2930 | D:3      | Found Dizoaq's Antique Weapon Shop.
  3047 | D:3      | Reached XP level 5. HP: 14/48 MP: 4/4
  3243 | D:3      | Identified the +3 dagger "Okynipah" {flame, Will++ SInv}
  4706 | D:4      | Noticed a black bear
  4721 | D:4      | Killed a black bear
  4825 | D:4      | Reached XP level 6. HP: 47/58 MP: 5/5
  5345 | D:4      | Noticed Edmund
  5369 | D:4      | Killed Edmund
  6447 | D:5      | Entered Level 5 of the Dungeon
  6487 | D:5      | Found a shadowy altar of Dithmenos.
  6664 | D:5      | Reached XP level 7. HP: 66/66 MP: 3/6
  6736 | D:5      | Noticed Blork the orc
  6750 | D:5      | Killed Blork the orc
  7197 | D:5      | You fall into a shaft and drop 3 floors!
  7454 | D:8      | Reached XP level 8. HP: 55/77 MP: 4/7
  8114 | D:7      | Reached skill level 10 in Fighting
  8114 | D:7      | Reached skill level 10 in Axes
  8120 | D:7      | Noticed Duvessa
  8177 | D:7      | Noticed Dowan
  8481 | D:5      | Found a runed translucent gate.
  8481 | D:5      | Found a runed translucent gate.
  8481 | D:5      | Found a runed translucent gate.
  8485 | D:5      | Noticed opiumtea's ghost (amateur OpTm)
  8727 | D:5      | Reached XP level 9. HP: 83/86 MP: 8/8
  9185 | D:5      | Found a staircase to the Ecumenical Temple.
  9195 | Temple   | Entered the Ecumenical Temple
  9470 | D:6      | Noticed Sigmund
  9480 | D:6      | Killed Sigmund
  9538 | D:6      | Found a hide-covered altar of Uskayaw.
  9633 | D:6      | Found a sparkling altar of Nemelex Xobeh.
  9910 | D:6      | Found a runed translucent door.
  9911 | D:6      | Noticed Crazy Yiuf
  9916 | D:6      | Killed Crazy Yiuf
  9961 | D:6      | Found a snail-covered altar of Cheibriados.
 10122 | D:6      | Found an ornate altar of the Wu Jian Council.
 10489 | D:7      | Found a transporter.
 10490 | D:7      | Noticed a kobold demonologist
 10499 | D:7      | Noticed a kobold demonologist
 10510 | D:7      | Found a transporter.
 10585 | D:7      | Killed Duvessa
 10589 | D:7      | Killed Dowan
 11084 | D:7      | Found an ancient bone altar of Kikubaaqudgha.
 11218 | D:7      | Found a radiant altar of Vehumet.
 11260 | D:7      | Found an opulent altar of Gozag.
 11716 | D:8      | Found a glowing golden altar of the Shining One.
 11997 | D:8      | Reached *** piety under Trog
 11998 | D:8      | Reached XP level 10. HP: 85/100 MP: 7/9
 12426 | D:9      | Noticed Maggie
 12437 | D:9      | Killed Maggie
 12505 | D:9      | Noticed Maurice
 12553 | D:8      | Killed Maurice
 13244 | D:9      | Paralysed by a hornet for 3 turns
 13492 | D:9      | Found a staircase to the Orcish Mines.
 13946 | D:9      | Found a burning altar of Makhleb.
 13946 | D:9      | Noticed an Executioner
 14013 | D:9      | Found a basalt altar of Yredelemnul.
 14040 | D:9      | Reached XP level 11. HP: 46/111 MP: 3/10
 14217 | D:9      | Found Umeg's Assorted Antiques.
 14223 | D:9      | Bought a murky coppery potion for 25 gold pieces
 14223 | D:9      | Bought a metallic ruby potion for 25 gold pieces
 14224 | D:9      | Found an iron altar of Okawaru.
 14272 | D:9      | Noticed Joseph
 14294 | D:9      | Killed Joseph
 14390 | D:9      | Found a shimmering blue altar of Sif Muna.
 14672 | D:9      | Reached skill level 15 in Fighting
 14672 | D:9      | Reached skill level 15 in Axes
 14908 | Orc:1    | Entered Level 1 of the Orcish Mines
 15014 | Orc:1    | Reached **** piety under Trog
 15266 | D:10     | Entered Level 10 of the Dungeon
 15429 | D:10     | Found a hazy altar of Hepliaklqana.
 15526 | D:10     | Found a shimmering altar of Xom.
 15824 | D:10     | Found a sacrificial altar of Ru.
 15922 | D:10     | Noticed a two-headed ogre
 15934 | D:10     | Killed a two-headed ogre
 16392 | D:11     | Noticed a deep elf pyromancer
 16402 | D:11     | Killed a deep elf pyromancer
 16646 | D:11     | Found a staircase to the Lair.
 16906 | Lair:1   | Entered Level 1 of the Lair of Beasts
 17123 | Lair:1   | Reached XP level 12. HP: 118/124 MP: 9/11
 17344 | Lair:1   | Noticed an eight-headed hydra
 17365 | Lair:1   | Killed a 17-headed hydra
 17792 | Lair:1   | Noticed Fannar
 17938 | Lair:1   | Killed Fannar
 19779 | D:12     | Noticed a centaur warrior
 19801 | D:12     | Killed a centaur warrior
 21518 | D:13     | Noticed a centaur warrior
 21527 | D:13     | Killed a centaur warrior
 22140 | D:13     | Noticed a centaur warrior
 22153 | D:13     | Killed a centaur warrior
 22287 | D:13     | Noticed a boulder beetle
 22310 | D:13     | Killed a boulder beetle
 22311 | D:13     | Reached XP level 13. HP: 88/136 MP: 7/12
 23700 | Abyss:2  | Cast into level 2 of the Abyss (a wizard)
 23943 | Abyss:2  | Noticed a starcursed mass
 24311 | Abyss:3  | Noticed a bone dragon
 24317 | Abyss:3  | Noticed a tentacled starspawn
 24326 | Abyss:3  | Noticed an eidolon
 24338 | Abyss:3  | HP: 8/199 [eidolon/bolt of negative energy (20)]
 24339 | Abyss:3  | HP: 1/199 [eidolon (8)]
 24340 | Abyss:3  | Killed a tentacled starspawn
 24340 | Abyss:3  | Slain by a bone dragon

Illustrated notes

Levels and vault maps discovered:
D:1:      psy_arrival_whirlpool, layout_basic, minmay_misc_feat_cross,
          minmay_three_crescents
D:2:      layout_loops_ring, minivault_26
D:3:      layout_basic, serial_shops, nicolae_shop_tiny_waterfront,
          minmay_joined_circles
D:4:      layout_layer_cave, amcnicky_mini_rare_corridor_liquid, uniq_edmund
D:5:      layout_rooms, grunt_dithmenos_smoke_and_mirrors,
          minmay_temple_entry_poolview, gammafunk_ghost_necromancy,
          minmay_misc_feat_roman, minmay_manual_moon, uniq_blork_the_orc
D:6:      layout_basic, lemuel_tele_altar, nemelex_xobeh_ov_fountains_minmay,
          cheibriados_altar_1, pdpol_wu_jian_five_deadly_venoms,
          chequers_serial_rivers_micro_c, uniq_sigmund, uniq_crazy_yiuf_cottage
D:7:      gammafunk_wand_slinger, layout_basic,
          nicolae_kikubaaqudgha_miasma_corner, mainiacjoe_overflow_brackets,
          grunt_gozag_breadcrumbs, uniq_duvessa
D:8:      layout_rooms, mainiacjoe_overflow_six_doors_small
D:9:      layout_roguey, makhleb_altar_promises_db, kennysheep_little_box,
          grunt_temple_overflow_open, erik_orc_4, serial_shops, shop,
          chequers_serial_rivers_micro_b, uniq_maggie, uniq_maurice, uniq_joseph
D:10:     layout_gridville, nicolae_overflow_crystal_walls, xom_teletrap_fun,
          nicolae_overflow_hidden_temple
D:11:     layout_cave_pods, due_lair_maze_entry_diamond, gauntlet_entry_generic,
          portal_ice_cave_rime
D:12:     layout_loops_cross
D:13:     layout_stronghold, david_vaults_1, nrook_mini_vaults,
          nicolae_uskayaw_suspiria
Temple:   hellmonk_temple_beads
Lair:1:   layout_long_grid, uniq_fannar
Orc:1:    layout_caves, serial_shops, nicolae_shop_tiny_glass
Abyss:3:  base: D:8, hangedman_decor_peaks_small, evilmike_abyss_exit_vortex

Skill      XL: |  1  2  3  4  5  6  7  8  9 10 11 12 13 |
---------------+----------------------------------------+-----
Fighting       | 4 5 6 7 8 10 12 14 16 18 19 | 19.4
Axes           | 4 5 6 7 8 10 12 14 16 18 19 | 19.4
Armour         | |  2.4
Dodging        | |  2.1

Action                     |  1- 3 |  4- 6 |  7- 9 | 10-12 | 13-15 || total
---------------------------+-------+-------+-------+-------+-------++-------
  Melee: Hand axe          |    62 |    84 |   210 |       |       ||   356
         Headbutt          |     7 |    11 |    69 |   165 |    53 ||   305
         Punch             |     1 |     1 |     2 |       |       ||     4
         War axe           |       |       |    77 |   644 |   136 ||   857
  Throw: Stone             |       |       |       |     9 |       ||     9
 Invoke: Berserk           |     2 |     4 |     3 |     9 |     3 ||    21
  Evoke: Wand              |       |       |       |     3 |       ||     3
         Box of beasts     |       |       |       |     1 |       ||     1
    Use: Potion            |     4 |     2 |     2 |     1 |     2 ||    11
         Scroll            |     5 |     8 |       |    10 |       ||    23
 Armour: Animal skin       |     2 |       |       |       |       ||     2
         Ring mail         |     9 |    33 |       |       |       ||    42
         Chain mail        |       |     4 |     5 |       |       ||     9
         Fire dragon scale |       |       |    97 |       |       ||    97
         Plate armour      |       |       |    15 |   473 |    78 ||   566
  Dodge: Dodged            |    38 |    47 |   110 |   140 |    30 ||   365
  Block: Kite shield       |       |       |   102 |   234 |    42 ||   378
